AoeStats
← ROKETSAN YeniCeri

Highland

505549377Analyzed
2v2 RM · 22d ago on Sep 9, 2026· 56m 0s· 4 players
Game mode
Random Map
Map size
Medium (4 player)
Population
200
Speed
Normal
Resources
Standard
Victory
Conquest
Starting age
Dark Age
Ending age
Imperial Age
RankedLock teamsTeams togetherTeam positionsShared explorationLock speedFull tech treeHidden civsTurbo modeCheats
Victory
Defeat
🇺🇸 Vietnamese · United States
935
+14
🇺🇸 Hindustanis · United States
899
+15
🇹🇼 Persians · Taiwan
902
-15
🇩🇪 Turks · Germany
877
-14
watchout0723
4:10 Loom
10:59 Feudal Age
11:24 Double-Bit Axe
12:40 Man-at-Arms
16:46 Town Watch
26:04 Castle Age
26:30 Elite Skirmisher
30:38 Fletching
ROKETSAN YeniCeri
0:53 Loom
11:27 Feudal Age
20:36 Castle Age
28:04 Imperial Age
33:23 Sanctity
41:16 Padded Archer Armor
43:40 Leather Archer Armor
RespectMySnackFoods
8:01 Loom
12:01 Feudal Age
13:28 Double-Bit Axe
18:57 Castle Age
18:49 Padded Archer Armor
19:44 Fletching
20:36 Bow Saw
21:28 Crossbowman
25:27 Medium Warships
25:11 Elite Skirmisher
27:55 Leather Archer Armor
32:12 Imperial Age
32:36 Forging
32:25 Imperial Skirmisher
34:33 Bodkin Arrow
38:44 Chemistry
40:22 Scale Barding Armor
40:30 Bloodlines
41:58 Wheelbarrow
43:30 Bracer
43:15 Treadmill Crane
44:39 Husbandry
44:45 Chatras
45:44 Chain Barding Armor
46:59 Paper Money
49:22 Ring Archer Armor
49:43 Devotion
50:33 Plate Barding Armor
50:05 Horse Collar
51:31 Iron Casting
53:05 Scale Mail Armor
53:52 Light Cavalry
NoCheeseGromit
4:42 Loom
10:28 Feudal Age
11:29 Double-Bit Axe
17:47 Castle Age
17:34 Fletching
18:41 Crossbowman
19:14 Horse Collar
21:49 Padded Archer Armor
25:16 Gold Mining
28:56 Bodkin Arrow
29:19 Heavy Plow
29:36 Bow Saw
29:52 Town Watch
31:14 Bloodlines
34:26 Imperial Age
33:12 Wheelbarrow
33:19 Scale Mail Armor
34:09 Forging
36:37 Bracer
37:42 Chemistry
41:59 Wheelbarrow
43:46 Conscription
43:24 Heavy Camel Rider
49:39 Devotion
49:25 Elite Skirmisher
51:22 Hand Cart
51:44 Gold Shaft Mining
51:03 Stone Mining
51:56 Imperial Skirmisher
52:55 Leather Archer Armor
52:47 Scale Barding Armor
53:06 Thumb Ring
53:24 Husbandry
53:11 Light Cavalry
54:30 Iron Casting
53:19 Imperial Camel Rider
54:08 Grand Trunk Road
Connection lost

Rejoining the realm…

Still unreachable

The connection could not be restored.

Session expired

The server has moved on; the page needs a fresh start.